 Dungeon Crawl Stone Soup version 0.26-a0-451-gacbe401039 (webtiles) character file.

Game seed: 11041391033857422800

42 MrRokkomies the Skirmisher (level 3, -3/31 HPs)
             Began as a Palentonga Delver on July 28, 2020.
             Slain by an iguana (9 damage)
             ... on level 3 of the Dungeon.
             The game lasted 00:02:25 (1008 turns).

MrRokkomies the Skirmisher (Palentonga Delver)      Turns: 1008, Time: 00:02:26

Health: -3/31      AC:  4    Str: 15    XL:     3   Next: 33%
Magic:  3/3        EV: 10    Int: 11    God:
Gold:   31         SH:  0    Dex: 11    Spells: 2/2 levels left

rFire    + . .     SeeInvis +   j - +0 flail
rCold    . . .     Faith    .   (no shield)
rNeg     . . .     Spirit   .   b - +0 leather armour
rPois    .         Reflect  .   (no helmet)
rElec    .         Harm     .   (no cloak)
rCorr    .                      (no gloves)
MR       .....                  (boots restricted)
Stlth    ++........             (no amulet)
HPRegen  0.10/turn              k - ring of protection from fire (curse)
MPRegen  0.08/turn              (no ring)

@: hasted, very quick
A: large, rugged brown scales 3, see invisible, deformed body, roll, armoured
tail
a: Rolling Charge


You were on level 3 of the Dungeon.
You visited 1 branch of the dungeon, and saw 3 of its levels.

You collected 31 gold pieces.

Inventory:

Hand Weapons
 a - a +0 mace
 j - a +0 flail (weapon)
Missiles
 i - 4 poisoned darts (quivered)
Armour
 b - a +0 leather armour (worn)
Jewellery
 k - a cursed ring of protection from fire (left hand)
Wands
 g - a wand of digging (3)
 h - a wand of random effects (26)
Scrolls
 c - a scroll of fog
 d - a scroll of magic mapping
 e - a scroll of blinking {unknown}


   Skills:
 * Level 3.6 Fighting
 * Level 2.8 Maces & Flails
 + Level 2.0 Dodging
 - Level 3.3 Stealth


You had 2 spell levels left.
You didn't know any spells.
Your spell library was empty.

Dungeon Overview and Level Annotations

Branches:
Dungeon (5/15)             Temple (0/1) D:4

Altars:

Annotations:
D:5 Blork the orc, Dowan, Duvessa


Innate Abilities, Weirdness & Mutations

You are completely covered in rugged brown scales. (AC +3, +7% HP)
You have supernaturally acute eyesight. (SInv)
Armour fits poorly on your strangely shaped body.
You can roll at foes to attack.
You have a long armoured tail.


Message History

You climb downwards.
The iguana barely misses you.
The iguana bites you but does no damage.
There is a stone staircase leading up here.
The iguana bites you!
You climb upwards.
There is a stone staircase leading down here.
Throwing (i - inventory)
i - 6 poisoned darts (quivered)
Press: ? - help, Shift-Dir - straight line, f - iguana
Aim: an iguana You throw a poisoned dart.
The poisoned dart hits the iguana.
The iguana bites you!
Throwing (i - inventory)
i - 5 poisoned darts (quivered)
Press: ? - help, Shift-Dir - straight line, f/p - iguana
Aim: an iguana You throw a poisoned dart.
The poisoned dart hits the iguana.
The iguana is poisoned.
The iguana bites you!
* * * LOW HITPOINT WARNING * * *
Items here: )) [ †.
You feel yourself speed up. The iguana bites you!
You die...

#.#.# # #.#.# .# #.#.#
#####. #### #.#.. .... .....
# #.#.# #..###...... #.
#.#.# #..#.#....
.#..#.#.#########(.#.....
.....o..(((..)..l>(#.#.###.#
.#.r#.#.#.######@#(.........
#. #.#.#.# #)###.#.###. ..
#.#.#.# #[###.....#. #
#.#.#.# #.)..........
#.#.#.# #######..##..
#.#.... ...# #.###.# ...#
..# ..#


You could see an iguana (poisoned).

Vanquished Creatures
  An orc wizard (D:3)
  4 orcs (D:3)
  3 jackals (D:3)
  3 kobolds (D:3)
  A goblin (D:3)
12 creatures vanquished.

Notes
Turn   | Place    | Note
-------+----------+-------------------------------------------
     0 | D:5      | MrRokkomies the Palentonga Delver began the quest for the
                  | Orb.
     0 | D:5      | Reached XP level 1. HP: 19/19 MP: 1/1
     4 | D:5      | Noticed Duvessa
     4 | D:5      | Noticed Dowan
    44 | D:5      | Noticed Blork the orc
    44 | D:5      | Noticed an ice beast
    45 | D:5      | Noticed a jelly
   302 | D:4      | Noticed an iguana
   319 | D:4      | Found a staircase to the Ecumenical Temple.
   557 | D:3      | Reached XP level 2. HP: 10/25 MP: 2/2
   794 | D:3      | Reached XP level 3. HP: 11/31 MP: 3/3
  1008 | D:3      | Slain by an iguana

Illustrated notes

Levels and vault maps discovered:
D:3:      layout_basic, chequers_ecumenical_altar_grove, uniq_grinder
D:4:      layout_cave_pods, tso_metal_star, minmay_temple_entry_mist,
          ebering_ghost_sewer_f
D:5:      layout_gridville, uniq_duvessa, uniq_blork_the_orc

Skill      XL: |  1  2 |
---------------+-------+-----
Dodging        | 2 |  2.0
Fighting       | |  3.6
Maces & Flails | |  2.8
Stealth        | |  3.3

Action                   || total
-------------------------++-------
Melee: Mace              ||    28
       Tailslap          ||     2
       Flail             ||     1
Throw: Dart              ||    13
Evoke: Wand              ||     4
  Use: Scroll            ||     1
       Potion            ||     2
Armor: Leather armour    ||    12
Dodge: Dodged            ||    28

Table legend: (Time is in decaauts)
 A = Elapsed time spent in this place.
 B = Non-inter-level travel time spent in this place.
 C = Inter-level travel time spent in this place.
 D = Time resting spent in this place.
 E = Time spent auto-exploring this place.
 F = Levels seen in this place.
 G = Mean time per level.
                   A        B        C        D        E       F      G
               +--------+--------+--------+--------+--------+-----+--------+
         Total |   1015 |   1015 |      0 |    798 |      4 |   3 |  338.3 |
       Dungeon |   1015 |   1015 |      0 |    798 |      4 |   3 |  338.3 |
               +--------+--------+--------+--------+--------+-----+--------+

Top non-repeatable levels by time:
     D:3: 687 daAuts
     D:4: 272 daAuts
     D:5: 56 daAuts
